 Dungeon Crawl Stone Soup version 0.31-a0-167-g1c394c0614 (webtiles) character file.

Game seed: 12300236773222371346

1787 Irreverend the Ducker (level 8, 0/96 HPs)
             Began as a Vampire Gladiator on June 14, 2023.
             Was an Initiate of Kikubaaqudgha.
             Slain by an orc
             ... wielding a +0 trident
              (5 damage)
             ... on level 7 of the Dungeon.
             The game lasted 00:08:46 (5164 turns).

Irreverend the Ducker (Vampire Gladiator)           Turns: 5164, Time: 00:08:47

Health: 0/96       AC: 28    Str: 13    XL:     8   Next: 82%
Magic:  8/8        EV:  2    Int: 12    God:    Kikubaaqudgha [......]
Gold:   256        SH:  0    Dex: 16    Spells: 7/7 levels left

rFire   . . .        a - +0 long sword
rCold   . . .        (no shield)
rNeg    . . .        b - melded +0 leather armour
rPois   +            c - melded +0 helmet
rElec   .            (cloak currently unavailable)
rCorr   .            u - melded +0 pair of gloves
SInv    +            (boots currently unavailable)
Will    .....        (no amulet)
Stlth   +            p - +4 ring of protection
HPRegen 0.56/turn    y - ring of poison resistance
MPRegen 0.11/turn

%: no passive effects
@: tree-form, healing quickly
A: stationary, stasis, torment immunity, boosted hp, alive, (fangs 3), see
invisible, vampiric 2
a: Exsanguinate, Renounce Religion


You were on level 7 of the Dungeon.
You worshipped Kikubaaqudgha.
Kikubaaqudgha was noncommittal.
You were a tree.
You visited 2 branches of the dungeon, and saw 8 of its levels.

You collected 256 gold pieces.

Inventory:

Hand Weapons
 a - a +0 long sword (weapon)
 h - a +0 falchion
Missiles
 d - a throwing net
 e - 2 javelins (quivered)
Armour
 b - a +0 leather armour (melded)
 c - a +0 helmet (melded)
 o - an orb of guile
 u - a +0 pair of gloves (melded)
Jewellery
 p - a +4 ring of protection (left branch)
 y - a ring of poison resistance (right branch)
 D - a ring of magical power
Wands
 A - a wand of roots (3)
 I - a wand of flame (16)
 K - a wand of digging (3)
 L - a wand of mindburst (8)
Scrolls
 i - a scroll of amnesia {unknown}
 j - 3 scrolls of blinking {unknown}
 k - a scroll of summoning {unknown}
 l - 2 scrolls of enchant armour {unknown}
 m - 5 scrolls of noise {unknown}
 r - a scroll of fog {unknown}
 s - 2 scrolls of revelation {unknown}
 v - 2 scrolls of identify {unknown}
 w - a scroll of enchant weapon {unknown}
 B - a scroll of torment {unknown}
 G - a scroll of teleportation {unknown}
 H - 2 scrolls of fear {unknown}
 M - a scroll of brand weapon {unknown}
Potions
 f - 2 potions of resistance {unknown}
 g - a potion of heal wounds {unknown}
 n - a potion of magic {unknown}
 q - 2 potions of lignification
 t - a potion of ambrosia {unknown}
 x - a potion of degeneration {unknown}
 z - 2 potions of berserk rage {unknown}
 C - a potion of enlightenment {unknown}
 E - 2 potions of curing {unknown}
 F - a potion of haste
 J - a potion of attraction {unknown}


   Skills:
 + Level 6.3 Fighting
 + Level 7.2 Long Blades
 - Level 1.5 Throwing
 + Level 7.9 Dodging


You had 7 spell levels left.
You didn't know any spells.
Your spell library contained the following spells:

 Spells                   Type           Power      Damage    Failure   Level
 Magic Dart               Conj           0%         1d3       32%         1
 Blink                    Tloc           0%         N/A       45%         2
 Call Imp                 Summ           0%         N/A       45%         2
 Ensorcelled Hibernation  Hex/Ice        0%         N/A       45%         2
 Lesser Beckoning         Tloc           0%         N/A       45%         2
 Momentum Strike          Conj/Tloc      0%         3d8       45%         2
 Inner Flame              Hex/Fire       0%         N/A       69%         3
 Mephitic Cloud           Conj/Pois/Air  0%         N/A       69%         3
 Spider Form              Tmut/Pois      0%         N/A       69%         3
 Anguish                  Hex/Necr       0%         N/A       97%         4
 Yara's Violent Unravell  Hex/Tmut       0%         3d3       100%        5
 Simulacrum               Ice/Necr       0%         N/A       100%        6
 Enfeeble                 Hex            0%         N/A       100%        7
 Ozocubu's Refrigeration  Ice            0%         4d7       100%        7
 Polar Vortex             Ice            0%         N/A       100%        9


Dungeon Overview and Level Annotations

Branches:
Dungeon (7/15)             Temple (1/1) D:6

Altars:
Ashenzari
Cheibriados
Dithmenos
Gozag
Hepliaklqana
Kikubaaqudgha
Makhleb
Nemelex Xobeh
Qazlal
Ru
Sif Muna
Trog
Wu Jian
Xom
Yredelemnul

Shops:
D:3 =

Annotations:
D:4 1 runed translucent door
Temple 2 transporters


Innate Abilities, Weirdness & Mutations

You are a tree.
Your roots penetrate the ground, keeping you stationary.
You cannot be teleported.
You are immune to unholy pain and torment.
Your maximum health is greatly increased.
Your equipment is partially melded.
Your natural rate of healing is accelerated.
((You have razor-sharp teeth.))
You have supernaturally acute eyesight. (SInv)
You are afflicted with vampirism and can become a bat while bloodless.


Message History

You hit the orc priest.
The orc priest is moderately wounded.
The orc hits you from afar with a +0 trident.
* * * LOW HITPOINT WARNING * * *
You hit the orc priest.
The orc priest is moderately wounded.
The orc hits you from afar with a +0 trident.
* * * LOW HITPOINT WARNING * * *
The orc priest hits you but does no damage.
You hit the orc priest but do no damage.
The orc priest is moderately wounded.
The orc priest hits you but does no damage.
The orc hits you but does no damage.
You hit the orc priest but do no damage.
The orc priest is moderately wounded.
The orc hits you but does no damage.
The orc priest hits you but does no damage.
You closely miss the orc priest.
The orc priest is moderately wounded.
The orc priest hits you but does no damage.
The orc hits you but does no damage.
You hit the orc priest.
The orc priest is heavily wounded.
The orc hits you but does no damage. The orc priest completely misses you.
You hit the orc priest but do no damage.
The orc priest is heavily wounded.
The orc priest hits you but does no damage.
The orc hits you but does no damage.
You hit the orc priest but do no damage.
The orc priest is heavily wounded.
The orc hits you but does no damage.
The orc priest hits you with a +0 dagger.
* * * LOW HITPOINT WARNING * * *
You hit the orc priest but do no damage.
The orc priest is heavily wounded.
The orc priest hits you with a +0 dagger.
* * * LOW HITPOINT WARNING * * *
The orc hits you from afar with a +0 trident.
You die...
Kikubaaqudgha rasps: "You have failed me!
Welcome... death!"

##..# ######
###..8#..≈.#.#
#..._.'..≈o#.#
#######.#..8#..≈.#.#
###.......##..# ####.#
#.......############.#
........<## #.......#####
..........###...........#
..........##o♣#..########
......>....#)#####
...........o.#
............##
............#
...........## ..........#
.......(.# ........##


You could see an orc priest and an orc.

Vanquished Creatures
  A black bear (D:7)
  2 ice beasts (D:6)
  3 ogres
  3 phantoms
  4 scorpions
  3 howler monkeys
  2 jellies (D:6)
  An orc priest (D:6)
  4 hounds
  4 sleepcaps
  2 iguanas (D:5)
  Natasha (thrice) (D:4)
  2 orc wizards (D:4)
  2 adders
  3 gnolls (D:5)
  2 ufetubi (D:5)
  A worm (D:3)
  3 dart slugs
  14 orcs
  7 bats
  10 endoplasms
  3 giant cockroaches
  4 goblins
  12 hobgoblins
  8 jackals
  6 quokkas
  7 ball pythons
  3 frilled lizards
  A goblin skeleton (D:4)
  6 kobolds
  4 rats
130 creatures vanquished.

Notes
Turn   | Place    | Note
-------+----------+-------------------------------------------
     0 | D:1      | Irreverend the Vampire Gladiator began the quest for the
                  | Orb.
     0 | D:1      | Reached XP level 1. HP: 16/16 MP: 1/1
    86 | D:1      | Reached XP level 2. HP: 12/22 MP: 2/2
   286 | D:1      | Gained mutation: You are afflicted with vampirism and can
                  | become a bat while bloodless. [Vampire growth]
   286 | D:1      | Reached XP level 3. HP: 28/28 MP: 3/3
  1693 | D:3      | Reached XP level 4. HP: 29/34 MP: 4/4
  1880 | D:3      | Found a snail-covered altar of Cheibriados.
  2062 | D:3      | Found Acwogygh's Jewellery Emporium.
  2349 | D:4      | Noticed an ogre
  2359 | D:4      | Killed an ogre
  2360 | D:4      | Reached XP level 5. HP: 37/41 MP: 5/5
  2440 | D:4      | Noticed an ogre
  2443 | D:4      | Found an opulent altar of Gozag.
  2448 | D:4      | Killed an ogre
  2449 | D:4      | Reached skill level 5 in Dodging
  2449 | D:4      | Reached XP level 6. HP: 44/48 MP: 6/6
  2595 | D:4      | Noticed Natasha
  2604 | D:4      | Killed Natasha
  2673 | D:4      | Reached skill level 5 in Long Blades
  2800 | D:4      | Noticed a human
  2801 | D:4      | Found a runed translucent door.
  2805 | D:4      | Found a basalt altar of Yredelemnul.
  2930 | D:4      | Noticed Natasha
  2941 | D:4      | Killed Natasha
  2942 | D:4      | Reached XP level 7. HP: 33/54 MP: 7/7
  3081 | D:4      | Noticed Natasha
  3088 | D:4      | Killed Natasha
  3151 | D:5      | Entered Level 5 of the Dungeon
  3370 | D:5      | Found a burning altar of Makhleb.
  3907 | D:5      | Reached skill level 5 in Fighting
  4156 | D:6      | Reached XP level 8. HP: 29/62 MP: 8/8
  4249 | D:6      | Found a staircase to the Ecumenical Temple.
  4258 | Temple   | Entered the Ecumenical Temple
  4258 | Temple   | Found a transporter.
  4258 | Temple   | Found a transporter.
  4260 | Temple   | Found a transporter.
  4260 | Temple   | Found a transporter.
  4276 | Temple   | Became a worshipper of Kikubaaqudgha
  5061 | D:7      | Found a shimmering blue altar of Sif Muna.
  5164 | D:7      | Slain by an orc

Illustrated notes

Levels and vault maps discovered:
D:1:      dpeg_arrival_boxorama, layout_loops_cross, nicolae_titane
D:2:      layout_basic
D:3:      layout_rooms, cheibriados_altar_1, serial_shops,
          nicolae_shop_statue_plus, minmay_fractal_squares_diagonal_5
D:4:      layout_cave_pools, nicolae_gozag_seed_capital, dk_yredelemnul_ordeal,
          uniq_natasha
D:5:      layout_gridville, pf_just_have_faith
D:6:      layout_loops_corners, minmay_temple_entry_junction
D:7:      layout_cave_pods, led_sif_book, palyth_stone_intersect, st_stairs_4,
          uniq_duvessa
Temple:   hellmonk_temple_divided_pantheon

Skill      XL: |  1  2  3  4  5  6  7  8 |
---------------+-------------------------+-----
Fighting       | 2 3 4 5 6 |  6.3
Dodging        | 4 5 6 7 |  7.9
Long Blades    | 4 5 6 7 |  7.2
Throwing       | |  1.5

Action                     |  1- 3 |  4- 6 |  7- 9 || total
---------------------------+-------+-------+-------++-------
  Melee: Long sword        |   109 |   156 |   264 ||   529
         Bite              |    10 |    23 |    44 ||    77
         Punch             |       |     2 |     1 ||     3
  Throw: Throwing net      |       |     2 |       ||     2
         Javelin           |       |       |     1 ||     1
    Use: Potion            |       |       |     1 ||     1
   Stab: Sleeping          |       |       |     1 ||     1
 Armour: Leather armour    |    45 |    72 |   110 ||   227
         Skin              |       |       |    16 ||    16
  Dodge: Dodged            |    92 |   128 |   223 ||   443

Table legend: (Time is in decaauts)
 A = Elapsed time spent in this place.
 B = Non-inter-level travel time spent in this place.
 C = Inter-level travel time spent in this place.
 D = Time resting spent in this place.
 E = Time spent auto-exploring this place.
 F = Levels seen in this place.
 G = Mean time per level.
                   A        B        C        D        E       F      G
               +--------+--------+--------+--------+--------+-----+--------+
         Total |   5240 |   4852 |    388 |    116 |   3654 |   8 |  655.0 |
       Dungeon |   5208 |   4820 |    388 |    116 |   3654 |   7 |  744.0 |
        Temple |     31 |     31 |      0 |      0 |      0 |   1 |   31.0 |
               +--------+--------+--------+--------+--------+-----+--------+

Top non-repeatable levels by time:
     D:6: 1050 daAuts
     D:2: 902 daAuts
     D:4: 873 daAuts
     D:5: 844 daAuts
     D:1: 804 daAuts
     D:3: 623 daAuts
     D:7: 110 daAuts
  Temple: 31 daAuts
